 Dungeon Crawl Stone Soup version 0.27-a0-1431-gcffa5a9b16 (webtiles) character file.

Game seed: 1679019722974416549

2 backslashecho the Covert (level 1, -8/23 HPs)
             Began as a Gnoll Delver on July 3, 2021.
             Mangled by an ogre (27 damage)
             ... on level 5 of the Dungeon.
             The game lasted 00:01:38 (180 turns).

backslashecho the Covert (Gnoll Delver)              Turns: 180, Time: 00:01:38

Health: -8/23      AC:  3    Str: 11    XL:     1   Next: 30%
Magic:  1/1        EV:  5    Int:  9    God:
Gold:   0          SH: 24    Dex: 13    Spells: 0/0 levels left

rFire    . . .     SeeInvis .   a - +0 hand axe
rCold    . . .     Faith    .   h - +18 shield of the Gong {rElec rN+ Will+ EV-5}
rNeg     + . .     Spirit   .   b - +0 leather armour
rPois    .         Reflect  .   (no helmet)
rElec    +         Harm     .   (no cloak)
rCorr    .         Rampage  .   (no gloves)
Will     +....                  (no boots)
Stlth    ++++......             (no amulet)
HPRegen  0.07/turn              (no ring)
MPRegen  0.07/turn              (no ring)

@: hasted, very quick
A: fangs 1, strong nose, distributed training
a: no special abilities


You were on level 5 of the Dungeon.
You visited 1 branch of the dungeon, and saw 2 of its levels.

Inventory:

Hand Weapons
 a - a +0 hand axe (weapon)
Armour
 b - a +0 leather armour (worn)
 h - the +18 shield of the Gong (worn) {rElec rN+ Will+ EV-5}
   (You found it on level 5 of the Dungeon)

   EV:        It affects your evasion (-5).
   rElec:     It insulates you from electricity.
   rN:        It protects you from negative energy.
   Will:      It increases your willpower.
Wands
 g - a wand of digging (3)
Scrolls
 c - a scroll of fog
 d - a scroll of magic mapping


   Skills:
 + Level 6.4 Fighting
 + Level 0.0 Short Blades
 + Level 0.0 Long Blades
 + Level 4.4 Axes
 + Level 0.0 Maces & Flails
 + Level 0.0 Polearms
 + Level 0.0 Staves
 + Level 0.0 Slings
 + Level 0.0 Bows
 + Level 0.0 Crossbows
 + Level 0.0 Throwing
 + Level 0.0 Armour
 + Level 4.4 Dodging
 + Level 9.5 Stealth
 + Level 0.0 Shields
 + Level 0.0 Unarmed Combat
 + Level 0.0 Spellcasting
 + Level 0.0 Conjurations
 + Level 0.0 Hexes
 + Level 0.0 Summonings
 + Level 0.0 Necromancy
 + Level 0.0 Translocations
 + Level 0.0 Transmutations
 + Level 0.0 Fire Magic
 + Level 0.0 Ice Magic
 + Level 0.0 Air Magic
 + Level 0.0 Earth Magic
 + Level 0.0 Poison Magic
 + Level 0.1 Invocations
 + Level 0.0 Evocations


You couldn't memorise any spells.
You didn't know any spells.
Your spell library was empty.

Dungeon Overview and Level Annotations

Branches:
Dungeon (6/15)
 Temple: D:4-7

Altars:

Annotations:
D:5 Sigmund


Innate Abilities, Weirdness & Mutations

You have very sharp teeth.
Your uncanny sense of smell can sniff out nearby items.
Your experience applies equally to all skills.


Message History

GONNNNG!
You hit the orc but do no damage.
The orc is lightly wounded.
You block the orc's attack.
SHROANNG!
You hit the orc.
The orc is almost dead.
The orc hits you but does no damage.
You closely miss the orc.
The orc is almost dead.
You block the orc's attack.
GONNNNG!
You hit the orc but do no damage.
The orc is almost dead.
You block the orc's attack.
PTOANNNG!
You hear a bark!
You hit the orc.
You kill the orc!
You hit the ogre.
The ogre is lightly wounded.
You hit the ogre but do no damage.
The ogre is lightly wounded.
You block the ogre's attack.
GONNNNG!
You hit the ogre but do no damage.
The ogre is lightly wounded.
You block the ogre's attack.
GONNNNG!
Something shouts, "Out, out, thou pottle-deep two-tin-hat apple-john!"
You slash the ogre! Your bite misses the ogre.
The ogre is moderately wounded.
You block the ogre's attack.
GONNNNG!
You hear a bark!
You hit the ogre but do no damage.
The ogre is moderately wounded.
You barely miss the ogre.
The ogre is moderately wounded.
The ogre hits you with a +0 giant spiked club!!
Ouch! That really hurt!
You die...

∆ #######
#.#
#@Oool###
#.##
######..##
#$.# ##..##
#... ##..##
#...
##l.####...
##...#....
#........
##.....##
##.####


You could see an ogre, an iguana and 2 orcs.

Vanquished Creatures
  An orc (D:5)
1 creature vanquished.

Notes
Turn   | Place    | Note
-------+----------+-------------------------------------------
     0 | D:5      | Reached skill level 9 in Stealth
     0 | D:5      | Found the +18 shield of the Gong {rElec rN+ Will+ EV-5}
     0 | D:5      | backslashecho the Gnoll Delver began the quest for the Orb.
     0 | D:5      | Reached XP level 1. HP: 23/23 MP: 1/1
    24 | D:5      | Noticed Sigmund
    66 | D:5      | Noticed an ogre
    66 | D:5      | Noticed a hound
   143 | D:5      | Noticed an iguana
   180 | D:5      | Mangled by an ogre

Illustrated notes

Levels and vault maps discovered:
D:5:      layout_layer_cave, uniq_sigmund
D:6:      layout_basic, serial_curves, eino_curves_01, eino_curves_02,
          serial_shops, shop, uniq_pikel, uniq_blork_the_orc, uniq_menkaure,
          uniq_prince_ribbit1

Skill      XL: | |
---------------+-+-----
Stealth        | |  9.5
Fighting       | |  6.4
Axes           | |  4.4
Dodging        | |  4.4
Invocations    | |  0.1

Action                   || total
-------------------------++-------
Melee: Hand axe          ||    19
  Use: Scroll            ||     1
       Potion            ||     1
Armor: Leather armour    ||     2
Block: Kite shield       ||    26

Table legend: (Time is in decaauts)
 A = Elapsed time spent in this place.
 B = Non-inter-level travel time spent in this place.
 C = Inter-level travel time spent in this place.
 D = Time resting spent in this place.
 E = Time spent auto-exploring this place.
 F = Levels seen in this place.
 G = Mean time per level.
                   A        B        C        D        E       F      G
               +--------+--------+--------+--------+--------+-----+--------+
         Total |    182 |    182 |      0 |      0 |     39 |   2 |   91.0 |
       Dungeon |    182 |    182 |      0 |      0 |     39 |   2 |   91.0 |
               +--------+--------+--------+--------+--------+-----+--------+

Top non-repeatable levels by time:
     D:5: 178 daAuts
     D:6: 4 daAuts
